Workbook
Name JR_PAGE_ANCHOR_0_1: #REF!

Sheet Planilha Licitação Válida
A2: PREFEITURA MUNICIPAL DE ITAMARANDIBA
A3: ESTADO DE MINAS GERAIS – BRASIL
A4: - SETOR ENGENHARIA
A5: - CNPJ – 16.886.871/0001-94 Rua Tabelião Andrade, 205 Centro
A6: - Itamarandiba/MG - CEP 39.670-000.
A8: PLANILHA ORÇAMENTÁRIA DE CUSTOS
A9: PREFEITURA: PREFEITURA MUNICIPAL DE ITAMARANDIBA,MG. | G9: FOLHA Nº:
A10: OBRA: CONSTRUÇÃO DE CRECHE PRO INFÂNCIA BAIRRO NOVA ITAMARANDIBA | G10: DATA:09/05/2025
A11: LOCAL: LOTEAMENTO NOVA ITAMARANDIBA, BAIRRO NOVA ITAMARANDIBA, ITAMARANDIBA MG | G11: FORMA DE EXECUÇÃO: INDIRETA
A12: PRAZO DE EXECUÇÃO: 10 MESES
A14: Obra: Creche Tipo 1 - BIM - opção 110V | G14: BDI : | H14: 0.25
A15: Unidade federativa: MINAS GERAIS
F16: Fonte
F17: SINAPI | G17: 2024/03 | H17: SEM DESONERAÇÃO
F18: SICRO | G18: 2024/04 | H18: SEM DESONERAÇÃO
F19: PRÓPRIA | G19: PRÓPRIA
D21: Edificação principal da Creche Tipo 1 - BIM
A23: ITEM | B23: CÓDIGO | C23: DESCRIÇÃO | D23: FONTE | E23: UND | F23: QUANTIDADE | G23: PREÇO UNITÁRIO COM BDI R$ | H23: PREÇO TOTAL R$
A24: 1 | B24: SERVIÇOS PRELIMINARES | H24: 626254.79
A25: 1.1 | B25: 103689 | C25: FORNECIMENTO E INSTALAÇÃO DE PLACA DE OBRA COM CHAPA GALVANIZADA E ESTRUTURA DE MADEIRA. AF_03/2022_PS | D25: SINAPI | E25: M2 | F25: 6.48 | G25: 383.74 | H25: 2486.64
A26: 1.2 | B26: 98459 | C26: TAPUME COM TELHA METÁLICA. AF_03/2024 | D26: SINAPI | E26: M2 | F26: 501.6 | G26: 96.56 | H26: 48434.5
A27: 1.3 | B27: 101509 | C27: ENTRADA DE ENERGIA ELÉTRICA, AÉREA, TRIFÁSICA, COM CAIXA DE EMBUTIR, CABO DE 10 MM2 E DISJUNTOR DIN 50A (NÃO INCLUSO O POSTE DE CONCRETO). AF_07/2020_PS | D27: SINAPI | E27: UN | F27: 1 | G27: 2259.44 | H27: 2259.44
A28: 1.4 | B28: FNDE 03 | C28: LIGAÇÃO PROVISÓRIA DE ÁGUA E ESGOTO | D28: PRÓPRIA | E28: UN | F28: 1 | G28: 3599.88 | H28: 3599.88
A29: 1.5 | B29: 99059 | C29: LOCAÇÃO CONVENCIONAL DE OBRA, UTILIZANDO GABARITO DE TÁBUAS CORRIDAS PONTALETADAS A CADA 2,00M - 2 UTILIZAÇÕES. AF_03/2024 | D29: SINAPI | E29: M | F29: 254 | G29: 86.83 | H29: 22054.82
A30: 1.6 | B30: FNDE 244 | C30: ADMINISTRAÇÃO LOCAL TIPO 1 | D30: PRÓPRIA | E30: UN | F30: 1 | G30: 509718.31 | H30: 509718.31
A31: 1.7 | B31: FNDE 231 | C31: LOCACAO DE CONTAINER 2,30 X 6,00 M, ALT. 2,50 M, COM 1 SANITARIO, PARA ESCRITORIO, COMPLETO, SEM DIVISORIAS INTERNAS (NAO INCLUI MOBILIZACAO/DESMOBILIZACAO) | D31: PRÓPRIA | E31: MÊS | F31: 10 | G31: 1243.75 | H31: 12437.5
A32: 1.8 | B32: FNDE 230 | C32: LOCACAO DE CONTAINER 2,30 X 6,00 M, ALT. 2,50 M, PARA ESCRITORIO, SEM DIVISORIAS INTERNAS E SEM SANITARIO (NAO INCLUI MOBILIZACAO/DESMOBILIZACAO) | D32: PRÓPRIA | E32: MÊS | F32: 10 | G32: 971.68 | H32: 9716.8
A33: 1.9 | B33: FNDE 232 | C33: LOCACAO DE CONTAINER 2,30 X 6,00 M, ALT. 2,50 M, PARA SANITARIO, COM 4 BACIAS, 8 CHUVEIROS,1 LAVATORIO E 1 MICTORIO (NAO INCLUI MOBILIZACAO/DESMOBILIZACAO) | D33: PRÓPRIA | E33: MÊS | F33: 10 | G33: 1554.69 | H33: 15546.9
A34: 2 | B34: MOVIMENTO DE TERRA PARA FUNDAÇÕES | G34: 0 | H34: 83612.55
A35: 2.1 | B35: 98525 | C35: LIMPEZA MECANIZADA DE CAMADA VEGETAL, VEGETAÇÃO E PEQUENAS ÁRVORES (DIÂMETRO DE TRONCO MENOR QUE 0,20 M), COM TRATOR DE ESTEIRAS. AF_03/2024 | D35: SINAPI | E35: M2 | F35: 2925 | G35: 0.8 | H35: 2340
A36: 2.2 | B36: 94306 | C36: ATERRO MECANIZADO DE VALA COM ESCAVADEIRA HIDRÁULICA (CAPACIDADE DA CAÇAMBA: 0,8 M³ / POTÊNCIA: 111 HP), LARGURA ATÉ 2,5 M, PROFUNDIDADE DE 1,5 A 3,0 M, COM SOLO ARGILO-ARENOSO. AF_08/2023 | D36: SINAPI | E36: M3 | F36: 585 | G36: 85.11 | H36: 49789.35
A37: 2.3 | B37: 96521 | C37: ESCAVAÇÃO MECANIZADA PARA BLOCO DE COROAMENTO OU SAPATA COM RETROESCAVADEIRA (INCLUINDO ESCAVAÇÃO PARA COLOCAÇÃO DE FÔRMAS). AF_01/2024 | D37: SINAPI | E37: M3 | F37: 107.36 | G37: 51.26 | H37: 5503.27
A38: 2.4 | B38: 96525 | C38: ESCAVAÇÃO MECANIZADA PARA VIGA BALDRAME OU SAPATA CORRIDA COM MINI-ESCAVADEIRA (INCLUINDO ESCAVAÇÃO PARA COLOCAÇÃO DE FÔRMAS). AF_01/2024 | D38: SINAPI | E38: M3 | F38: 41.4 | G38: 71.75 | H38: 2970.45
A39: 2.5 | B39: 101617 | C39: PREPARO DE FUNDO DE VALA COM LARGURA MAIOR OU IGUAL A 1,5 M E MENOR QUE 2,5 M (ACERTO DO SOLO NATURAL). AF_08/2020 | D39: SINAPI | E39: M2 | F39: 47.9 | G39: 3.74 | H39: 179.15
A40: 2.6 | B40: 93381 | C40: REATERRO MECANIZADO DE VALA COM RETROESCAVADEIRA (CAPACIDADE DA CAÇAMBA DA RETRO: 0,26 M³/POTÊNCIA: 88 HP), LARGURA 0,8 A 1,5 M, PROFUNDIDADE 1,5 A 3,0 M, COM SOLO (SEM SUBSTITUIÇÃO) DE 1ª CATEGORIA E COMPACTADOR DE SOLOS DE PERCUSSÃO. AF_08/2023 | D40: SINAPI | E40: M3 | F40: 84.02 | G40: 16.21 | H40: 1361.96
A41: 2.7 | B41: 94316 | C41: ATERRO MECANIZADO DE VALA COM RETROESCAVADEIRA (CAPACIDADE DA CAÇAMBA DA RETRO: 0,26 M³ / POTÊNCIA: 88 HP), LARGURA ATÉ 1,5 M, PROFUNDIDADE ATÉ 1,5 M, COM SOLO ARGILO-ARENOSO. AF_08/2023 | D41: SINAPI | E41: M3 | F41: 247.36 | G41: 86.79 | H41: 21468.37
A42: 3 | B42: FUNDAÇÕES | G42: 0 | H42: 370342.67
A43: 3.1 | B43: FUNDAÇÃO PROFUNDA - ESTACAS | G43: 0 | H43: 296974.98
A44: 3.1.1 | B44: 100656 | C44: ESTACA PRÉ-MOLDADA DE CONCRETO, SEÇÃO QUADRADA, CAPACIDADE DE 25 TONELADAS, INCLUSO EMENDA (EXCLUSIVE MOBILIZAÇÃO E DESMOBILIZAÇÃO). AF_12/2019 | D44: SINAPI | E44: M | F44: 1620 | G44: 141.46 | H44: 229165.2
A45: 3.1.2 | B45: 95601 | C45: ARRASAMENTO MECANICO DE ESTACA DE CONCRETO ARMADO, DIAMETROS DE ATÉ 40 CM. AF_05/2021 | D45: SINAPI | E45: UN | F45: 162 | G45: 20.98 | H45: 3398.76
A46: 3.1.3 | B46: 5915496 | C46: TRANSPORTE DE VEÍCULOS PESADOS COM GUINCHO DE RESGATE DE 35 T - RODOVIA PAVIMENTADA | D46: SICRO | E46: KM | F46: 498 | G46: 24.76 | H46: 12330.48
A47: 3.1.4 | B47: 100947 | C47: TRANSPORTE COM CAMINHÃO CARROCERIA 9T, EM VIA URBANA PAVIMENTADA, DMT ATÉ 30KM (UNIDADE: TXKM). AF_07/2020 | D47: SINAPI | E47: TXKM | F47: =0.16*0.16*1620*30*2.5 -> 3110.4 | G47: 2.74 | H47: 8522.5
A48: 3.1.5 | B48: 100948 | C48: TRANSPORTE COM CAMINHÃO CARROCERIA 9T, EM VIA URBANA PAVIMENTADA, ADICIONAL PARA DMT EXCEDENTE A 30 KM (UNIDADE: TXKM). AF_07/2020 | D48: SINAPI | E48: TXKM | F48: =0.16*0.16*1620*389*2.5 -> 40331.52 | G48: 1.08 | H48: 43558.04
A49: 3.2 | B49: CONCRETO ARMADO PARA SAPATAS | G49: 0 | H49: 8705.33
A50: 3.2.1 | B50: 96619 | C50: LASTRO DE CONCRETO MAGRO, APLICADO EM BLOCOS DE COROAMENTO OU SAPATAS, ESPESSURA DE 5 CM. AF_01/2024 | D50: SINAPI | E50: M2 | F50: 7.56 | G50: 49.69 | H50: 375.66
A51: 3.2.2 | B51: 96558 | C51: CONCRETAGEM DE SAPATA, FCK 30 MPA, COM USO DE BOMBA - LANÇAMENTO, ADENSAMENTO E ACABAMENTO. AF_01/2024 | D51: SINAPI | E51: M3 | F51: 3.13 | G51: 1054.78 | H51: 3301.46
A52: 3.2.3 | B52: 96534 | C52: FABRICAÇÃO, MONTAGEM E DESMONTAGEM DE FÔRMA PARA BLOCO DE COROAMENTO, EM MADEIRA SERRADA, E=25 MM, 4 UTILIZAÇÕES. AF_01/2024 | D52: SINAPI | E52: M2 | F52: 19.46 | G52: 93.71 | H52: 1823.6
A53: 3.2.4 | B53: 104918 | C53: ARMAÇÃO DE SAPATA ISOLADA, VIGA BALDRAME E SAPATA CORRIDA UTILIZANDO AÇO CA-50 DE 8 MM - MONTAGEM. AF_01/2024 | D53: SINAPI | E53: KG | F53: 129.56 | G53: 16.44 | H53: 2129.97
A54: 3.2.5 | B54: 104919 | C54: ARMAÇÃO DE SAPATA ISOLADA, VIGA BALDRAME E SAPATA CORRIDA UTILIZANDO AÇO CA-50 DE 10 MM - MONTAGEM. AF_01/2024 | D54: SINAPI | E54: KG | F54: 54.16 | G54: 14.61 | H54: 791.28
A55: 3.2.6 | B55: 92915 | C55: ARMAÇÃO DE ESTRUTURAS DIVERSAS DE CONCRETO ARMADO, EXCETO VIGAS, PILARES, LAJES E FUNDAÇÕES, UTILIZANDO AÇO CA-60 DE 5,0 MM - MONTAGEM. AF_06/2022 | D55: SINAPI | E55: KG | F55: 14.45 | G55: 19.61 | H55: 283.36
A56: 3.3 | B56: CONCRETO ARMADO PARA BLOCOS | G56: 0 | H56: 64662.36
A57: 3.3.1 | B57: 96619 | C57: LASTRO DE CONCRETO MAGRO, APLICADO EM BLOCOS DE COROAMENTO OU SAPATAS, ESPESSURA DE 5 CM. AF_01/2024 | D57: SINAPI | E57: M2 | F57: 20.21 | G57: 49.69 | H57: 1004.23
A58: 3.3.2 | B58: 96557 | C58: CONCRETAGEM DE BLOCO DE COROAMENTO OU VIGA BALDRAME, FCK 30 MPA, COM USO DE BOMBA - LANÇAMENTO, ADENSAMENTO E ACABAMENTO. AF_01/2024 | D58: SINAPI | E58: M3 | F58: 20.32 | G58: 1012.49 | H58: 20573.8
A59: 3.3.3 | B59: 96534 | C59: FABRICAÇÃO, MONTAGEM E DESMONTAGEM DE FÔRMA PARA BLOCO DE COROAMENTO, EM MADEIRA SERRADA, E=25 MM, 4 UTILIZAÇÕES. AF_01/2024 | D59: SINAPI | E59: M2 | F59: 213.82 | G59: 93.71 | H59: 20037.07
A60: 3.3.4 | B60: 96546 | C60: ARMAÇÃO DE BLOCO UTILIZANDO AÇO CA-50 DE 10 MM - MONTAGEM. AF_01/2024 | D60: SINAPI | E60: KG | F60: 872.12 | G60: 16.16 | H60: 14093.46
A61: 3.3.5 | B61: 96544 | C61: ARMAÇÃO DE BLOCO UTILIZANDO AÇO CA-50 DE 6,3 MM - MONTAGEM. AF_01/2024 | D61: SINAPI | E61: KG | F61: 135.98 | G61: 20.83 | H61: 2832.46
A62: 3.3.6 | B62: 96543 | C62: ARMAÇÃO DE BLOCO UTILIZANDO AÇO CA-60 DE 5 MM - MONTAGEM. AF_01/2024 | D62: SINAPI | E62: KG | F62: 213.48 | G62: 23.39 | H62: 4993.3
A63: 3.3.7 | B63: 104920 | C63: ARMAÇÃO DE BLOCO, SAPATA ISOLADA, VIGA BALDRAME E SAPATA CORRIDA UTILIZANDO AÇO CA-50 DE 12,5 MM - MONTAGEM. AF_01/2024 | D63: SINAPI | E63: KG | F63: 37.83 | G63: 12.39 | H63: 468.71
A64: 3.3.8 | B64: 104921 | C64: ARMAÇÃO DE BLOCO, SAPATA ISOLADA, VIGA BALDRAME E SAPATA CORRIDA UTILIZANDO AÇO CA-50 DE 16 MM - MONTAGEM. AF_01/2024 | D64: SINAPI | E64: KG | F64: 41.38 | G64: 11.61 | H64: 480.42
A65: 3.3.9 | B65: 104922 | C65: ARMAÇÃO DE BLOCO, SAPATA ISOLADA E SAPATA CORRIDA UTILIZANDO AÇO CA-50 DE 20 MM - MONTAGEM. AF_01/2024 | D65: SINAPI | E65: KG | F65: 14.11 | G65: 12.68 | H65: 178.91
A66: 4 | B66: SUPERESTRUTURA | G66: 0 | H66: 933374.99
A67: 4.1 | B67: CONCRETO ARMADO - PILARES | G67: 0 | H67: 96297.76
A68: 4.1.1 | B68: 92443 | C68: MONTAGEM E DESMONTAGEM DE FÔRMA DE PILARES RETANGULARES E ESTRUTURAS SIMILARES, PÉ-DIREITO SIMPLES, EM CHAPA DE MADEIRA COMPENSADA PLASTIFICADA, 18 UTILIZAÇÕES. AF_09/2020 | D68: SINAPI | E68: M2 | F68: 605.94 | G68: 57.34 | H68: 34744.6
A69: 4.1.2 | B69: 92762 | C69: ARMAÇÃO DE PILAR OU VIGA DE ESTRUTURA CONVENCIONAL DE CONCRETO ARMADO UTILIZANDO AÇO CA-50 DE 10,0 MM - MONTAGEM. AF_06/2022 | D69: SINAPI | E69: KG | F69: 1560.82 | G69: 12.58 | H69: 19635.12
A70: 4.1.3 | B70: 92763 | C70: ARMAÇÃO DE PILAR OU VIGA DE ESTRUTURA CONVENCIONAL DE CONCRETO ARMADO UTILIZANDO AÇO CA-50 DE 12,5 MM - MONTAGEM. AF_06/2022 | D70: SINAPI | E70: KG | F70: 46.94 | G70: 10.55 | H70: 495.22
A71: 4.1.4 | B71: 92759 | C71: ARMAÇÃO DE PILAR OU VIGA DE ESTRUTURA CONVENCIONAL DE CONCRETO ARMADO UTILIZANDO AÇO CA-60 DE 5,0 MM - MONTAGEM. AF_06/2022 | D71: SINAPI | E71: KG | F71: 880.4 | G71: 16.33 | H71: 14376.93
A72: 4.1.5 | B72: 103672 | C72: CONCRETAGEM DE PILARES, FCK = 25 MPA, COM USO DE BOMBA - LANÇAMENTO, ADENSAMENTO E ACABAMENTO. AF_02/2022_PS | D72: SINAPI | E72: M3 | F72: 29.76 | G72: 908.8 | H72: 27045.89
A73: 4.2 | B73: CONCRETO ARMADO - VIGAS INCLUINDO BALDRAME | G73: 0 | H73: 293729.51
A74: 4.2.1 | B74: 96619 | C74: LASTRO DE CONCRETO MAGRO, APLICADO EM BLOCOS DE COROAMENTO OU SAPATAS, ESPESSURA DE 5 CM. AF_01/2024 | D74: SINAPI | E74: M2 | F74: 191 | G74: 49.69 | H74: 9490.79
A75: 4.2.2 | B75: 92443 | C75: MONTAGEM E DESMONTAGEM DE FÔRMA DE PILARES RETANGULARES E ESTRUTURAS SIMILARES, PÉ-DIREITO SIMPLES, EM CHAPA DE MADEIRA COMPENSADA PLASTIFICADA, 18 UTILIZAÇÕES. AF_09/2020 | D75: SINAPI | E75: M2 | F75: 1673.1 | G75: 57.34 | H75: 95935.55
A76: 4.2.3 | B76: 92760 | C76: ARMAÇÃO DE PILAR OU VIGA DE ESTRUTURA CONVENCIONAL DE CONCRETO ARMADO UTILIZANDO AÇO CA-50 DE 6,3 MM - MONTAGEM. AF_06/2022 | D76: SINAPI | E76: KG | F76: 23.7 | G76: 15.23 | H76: 360.95
A77: 4.2.4 | B77: 92761 | C77: ARMAÇÃO DE PILAR OU VIGA DE ESTRUTURA CONVENCIONAL DE CONCRETO ARMADO UTILIZANDO AÇO CA-50 DE 8,0 MM - MONTAGEM. AF_06/2022 | D77: SINAPI | E77: KG | F77: 2752.7 | G77: 14.14 | H77: 38923.18
A78: 4.2.5 | B78: 92762 | C78: ARMAÇÃO DE PILAR OU VIGA DE ESTRUTURA CONVENCIONAL DE CONCRETO ARMADO UTILIZANDO AÇO CA-50 DE 10,0 MM - MONTAGEM. AF_06/2022 | D78: SINAPI | E78: KG | F78: 573.7 | G78: 12.58 | H78: 7217.15
A79: 4.2.6 | B79: 92763 | C79: ARMAÇÃO DE PILAR OU VIGA DE ESTRUTURA CONVENCIONAL DE CONCRETO ARMADO UTILIZANDO AÇO CA-50 DE 12,5 MM - MONTAGEM. AF_06/2022 | D79: SINAPI | E79: KG | F79: 876.4 | G79: 10.55 | H79: 9246.02
A80: 4.2.7 | B80: 92764 | C80: ARMAÇÃO DE PILAR OU VIGA DE ESTRUTURA CONVENCIONAL DE CONCRETO ARMADO UTILIZANDO AÇO CA-50 DE 16,0 MM - MONTAGEM. AF_06/2022 | D80: SINAPI | E80: KG | F80: 385.1 | G80: 10.19 | H80: 3924.17
A81: 4.2.8 | B81: 92765 | C81: ARMAÇÃO DE PILAR OU VIGA DE ESTRUTURA CONVENCIONAL DE CONCRETO ARMADO UTILIZANDO AÇO CA-50 DE 20,0 MM - MONTAGEM. AF_06/2022 | D81: SINAPI | E81: KG | F81: 122.6 | G81: 11.5 | H81: 1409.9
A82: 4.2.9 | B82: 92759 | C82: ARMAÇÃO DE PILAR OU VIGA DE ESTRUTURA CONVENCIONAL DE CONCRETO ARMADO UTILIZANDO AÇO CA-60 DE 5,0 MM - MONTAGEM. AF_06/2022 | D82: SINAPI | E82: KG | F82: 1746.5 | G82: 16.33 | H82: 28520.35
A83: 4.2.10 | B83: 103675 | C83: CONCRETAGEM DE VIGAS E LAJES, FCK=25 MPA, PARA LAJES MACIÇAS OU NERVURADAS COM USO DE BOMBA - LANÇAMENTO, ADENSAMENTO E ACABAMENTO. AF_02/2022_PS | D83: SINAPI | E83: M3 | F83: 108.4 | G83: 910.53 | H83: 98701.45
A84: 4.3 | B84: CONCRETO ARMADO PARA VERGAS | G84: 0 | H84: 15174.97
A85: 4.3.1 | B85: 93184 | C85: VERGA PRÉ-MOLDADA COM ATÉ 1,5 M DE VÃO, ESPESSURA DE *20* CM. AF_03/2024 | D85: SINAPI | E85: M | F85: 43.7 | G85: 37.36 | H85: 1632.63
A86: 4.3.2 | B86: 93185 | C86: VERGA PRÉ-MOLDADA PARA PORTAS COM MAIS DE 1,5 M DE VÃO. AF_03/2016 | D86: SINAPI | E86: M | F86: 8.9 | G86: 90.66 | H86: 806.87
A87: 4.3.3 | B87: 93183 | C87: VERGA PRÉ-MOLDADA PARA JANELAS COM MAIS DE 1,5 M DE VÃO. AF_03/2016 | D87: SINAPI | E87: M | F87: 9.4 | G87: 92.04 | H87: 865.18
A88: 4.3.4 | B88: 93182 | C88: VERGA PRÉ-MOLDADA PARA JANELAS COM ATÉ 1,5 M DE VÃO. AF_03/2016 | D88: SINAPI | E88: M | F88: 7 | G88: 72.64 | H88: 508.48
A89: 4.3.5 | B89: 93195 | C89: CONTRAVERGA PRÉ-MOLDADA PARA VÃOS DE MAIS DE 1,5 M DE COMPRIMENTO. AF_03/2016 | D89: SINAPI | E89: M | F89: 122.7 | G89: 87.69 | H89: 10759.56
A90: 4.3.6 | B90: 93194 | C90: CONTRAVERGA PRÉ-MOLDADA, ESPESSURA DE *20* CM. AF_03/2024 | D90: SINAPI | E90: M | F90: 16.6 | G90: 36.28 | H90: 602.25
A91: 4.4 | B91: CONCRETO ARMADO - LAJE | G91: 0 | H91: 14078.14
A92: 4.4.1 | B92: 92514 | C92: MONTAGEM E DESMONTAGEM DE FÔRMA DE LAJE MACIÇA, PÉ-DIREITO SIMPLES, EM CHAPA DE MADEIRA COMPENSADA RESINADA, 4 UTILIZAÇÕES. AF_09/2020 | D92: SINAPI | E92: M2 | F92: 37.8 | G92: 59.23 | H92: 2238.89
A93: 4.4.2 | B93: 92769 | C93: ARMAÇÃO DE LAJE DE ESTRUTURA CONVENCIONAL DE CONCRETO ARMADO UTILIZANDO AÇO CA-50 DE 6,3 MM - MONTAGEM. AF_06/2022 | D93: SINAPI | E93: KG | F93: 13.8 | G93: 14.58 | H93: 201.2
A94: 4.4.3 | B94: 92770 | C94: ARMAÇÃO DE LAJE DE ESTRUTURA CONVENCIONAL DE CONCRETO ARMADO UTILIZANDO AÇO CA-50 DE 8,0 MM - MONTAGEM. AF_06/2022 | D94: SINAPI | E94: KG | F94: 49.3 | G94: 13.54 | H94: 667.52
A95: 4.4.4 | B95: 92773 | C95: ARMAÇÃO DE LAJE DE ESTRUTURA CONVENCIONAL DE CONCRETO ARMADO UTILIZANDO AÇO CA-50 DE 16,0 MM - MONTAGEM. AF_06/2022 | D95: SINAPI | E95: KG | F95: 453.1 | G95: 9.85 | H95: 4463.04
A96: 4.4.5 | B96: 92774 | C96: ARMAÇÃO DE LAJE DE ESTRUTURA CONVENCIONAL DE CONCRETO ARMADO UTILIZANDO AÇO CA-50 DE 20,0 MM - MONTAGEM. AF_06/2022 | D96: SINAPI | E96: KG | F96: 3.5 | G96: 11.31 | H96: 39.59
A97: 4.4.6 | B97: 92768 | C97: ARMAÇÃO DE LAJE DE ESTRUTURA CONVENCIONAL DE CONCRETO ARMADO UTILIZANDO AÇO CA-60 DE 5,0 MM - MONTAGEM. AF_06/2022 | D97: SINAPI | E97: KG | F97: 0.2 | G97: 15.68 | H97: 3.14
A98: 4.4.7 | B98: 103675 | C98: CONCRETAGEM DE VIGAS E LAJES, FCK=25 MPA, PARA LAJES MACIÇAS OU NERVURADAS COM USO DE BOMBA - LANÇAMENTO, ADENSAMENTO E ACABAMENTO. AF_02/2022_PS | D98: SINAPI | E98: M3 | F98: 7.1 | G98: 910.53 | H98: 6464.76
A99: 4.5 | B99: ESTRUTURA METÁLICA | G99: 0 | H99: 321391.46
A100: 4.5.1 | B100: 100775 | C100: ESTRUTURA TRELIÇADA DE COBERTURA, TIPO FINK, COM LIGAÇÕES SOLDADAS, INCLUSOS PERFIS METÁLICOS, CHAPAS METÁLICAS, MÃO DE OBRA E TRANSPORTE COM GUINDASTE - FORNECIMENTO E INSTALAÇÃO. AF_01/2020_PSA | D100: SINAPI | E100: KG | F100: 19006 | G100: 16.91 | H100: 321391.46
A101: 4.6 | B101: PISO DE CONCRETO | G101: 0 | H101: 192703.15
A102: 4.6.1 | B102: PAVIMENTAÇÃO INTERNA DE PISO DE CONCRETO 8 CM
A103: 4.6.1.1 | B103: 97083 | C103: COMPACTAÇÃO MECÂNICA DE SOLO PARA EXECUÇÃO DE RADIER, PISO DE CONCRETO OU LAJE SOBRE SOLO, COM COMPACTADOR DE SOLOS A PERCUSSÃO. AF_09/2021 | D103: SINAPI | E103: M2 | F103: 1394.71 | G103: 3.91 | H103: 5453.32
A104: 4.6.1.2 | B104: 96622 | C104: LASTRO COM MATERIAL GRANULAR, APLICADO EM PISOS OU LAJES SOBRE SOLO, ESPESSURA DE *5 CM*. AF_01/2024 | D104: SINAPI | E104: M3 | F104: 69.74 | G104: 306.63 | H104: 21384.38
A105: 4.6.1.3 | B105: 97087 | C105: CAMADA SEPARADORA PARA EXECUÇÃO DE RADIER, PISO DE CONCRETO OU LAJE SOBRE SOLO, EM LONA PLÁSTICA. AF_09/2021 | D105: SINAPI | E105: M2 | F105: 1394.71 | G105: 3.13 | H105: 4365.44
...

Sheet Cronograma
B1: PREFEITURA MUNICIPAL DE ITAMARANDIBA
B2: ESTADO DE MINAS GERAIS – BRASIL
B3: SETOR ENGENHARIA
B4: CNPJ – 16.886.871/0001-94 Rua Tabelião Andrade, 205 Centro
A5: Itamarandiba/MG - CEP 39.670-000.
A6: CRONOGRAMA FÍSICO-FINANCEIRO
A7: PREFEITURA: Itamarandiba - MG | E7: VALOR DA OBRA: | H7: =D63 -> 6233370.5 | J7: DATA: MAIO - 2025
A8: OBRA: Creche Pro Infancia no bairro Nova Itamarandiba | E8: LOCAL: Rua Cipreste, Bairro Nova Itamarandiba, Itamarandiba - MG | J8: PRAZO DA OBRA: 10 MESES
A9: ITEM | B9: ETAPAS/DESCRIÇÃO | C9: FÍSICO/ FINANCEIRO | D9: TOTAL ETAPAS | E9: MÊS 1 | F9: MÊS 2 | G9: MÊS 3 | H9: MÊS 4 | I9: MÊS 5 | J9: MÊS 6 | K9: MÊS 7 | L9: MÊS 8 | M9: MÊS 9 | N9: MÊS 10 | O9: TOTAIS
A10: 1 | B10: SERVIÇOS PRELIMINARES | C10: Físico % | D10: =D11/$D$63 -> 0.10046808 | E10: 0.2133 | F10: 0.0874 | G10: 0.0874 | H10: 0.0874 | I10: 0.0874 | J10: 0.0874 | K10: 0.0874 | L10: 0.0874 | M10: 0.0874 | N10: 0.0875 | O10: =SUM(E10:N10) -> 1
C11: Financeiro | D11: ='Planilha Licitação Válida'!H24 -> 626254.79 | E11: =E10*$D$11 -> 133580.15 | F11: =F10*$D$11 -> 54734.669 | G11: =G10*$D$11 -> 54734.669 | H11: =H10*$D$11 -> 54734.669 | I11: =I10*$D$11 -> 54734.669 | J11: =J10*$D$11 -> 54734.669 | K11: =K10*$D$11 -> 54734.669 | L11: =L10*$D$11 -> 54734.669 | ... N11: =N10*$D$11 -> 54797.294 | O11: =SUM(E11:N11) -> 626254.79
A12: 2 | B12: MOVIMENTO DE TERRA PARA FUNDAÇÕES | C12: Físico % | D12: =D13/$D$63 -> 0.013413698 | E12: 1 | F12: 0 | G12: 0 | H12: 0 | I12: 0 | J12: 0 | K12: 0 | L12: 0 | M12: 0 | N12: 0 | O12: =SUM(E12:N12) -> 1
C13: Financeiro | D13: ='Planilha Licitação Válida'!H34 -> 83612.55 | E13: =E12*$D$13 -> 83612.55 | F13: =F12*$D$13 -> 0 | G13: =G12*$D$13 -> 0 | H13: =H12*$D$13 -> 0 | I13: =I12*$D$13 -> 0 | J13: =J12*$D$13 -> 0 | K13: =K12*$D$13 -> 0 | L13: =L12*$D$13 -> 0 | ... N13: =N12*$D$13 -> 0 | O13: =SUM(E13:N13) -> 83612.55
A14: 3 | B14: FUNDAÇÕES | C14: Físico % | D14: =D15/$D$63 -> 0.059412908 | E14: 1 | F14: 0 | G14: 0 | H14: 0 | I14: 0 | J14: 0 | K14: 0 | L14: 0 | M14: 0 | N14: 0 | O14: =SUM(E14:N14) -> 1
C15: Financeiro | D15: ='Planilha Licitação Válida'!H42 -> 370342.67 | E15: =E14*$D$15 -> 370342.67 | F15: =F14*$D$15 -> 0 | G15: =G14*$D$15 -> 0 | H15: =H14*$D$15 -> 0 | I15: =I14*$D$15 -> 0 | J15: =J14*$D$15 -> 0 | K15: =K14*$D$15 -> 0 | L15: =L14*$D$15 -> 0 | ... N15: =N14*$D$15 -> 0 | O15: =SUM(E15:N15) -> 370342.67
A16: 4 | B16: SUPERESTRUTURA | C16: Físico % | D16: =D17/$D$63 -> 0.14973841 | E16: 0 | F16: 1 | G16: 0 | H16: 0 | I16: 0 | J16: 0 | K16: 0 | L16: 0 | M16: 0 | N16: 0 | O16: =SUM(E16:N16) -> 1
C17: Financeiro | D17: ='Planilha Licitação Válida'!H66 -> 933374.99 | E17: =E16*$D$17 -> 0 | F17: =F16*$D$17 -> 933374.99 | G17: =G16*$D$17 -> 0 | H17: =H16*$D$17 -> 0 | I17: =I16*$D$17 -> 0 | J17: =J16*$D$17 -> 0 | K17: =K16*$D$17 -> 0 | L17: =L16*$D$17 -> 0 | ... N17: =N16*$D$17 -> 0 | O17: =SUM(E17:N17) -> 933374.99
A18: 5 | B18: SISTEMA DE VEDAÇÃO VERTICAL | C18: Físico % | D18: =D19/$D$63 -> 0.026714425 | E18: 0 | F18: 0 | G18: 1 | H18: 0 | I18: 0 | J18: 0 | K18: 0 | L18: 0 | M18: 0 | N18: 0 | O18: =SUM(E18:N18) -> 1
C19: Financeiro | D19: ='Planilha Licitação Válida'!H112 -> 166520.91 | E19: =E18*$D$19 -> 0 | F19: =F18*$D$19 -> 0 | G19: =G18*$D$19 -> 166520.91 | H19: =H18*$D$19 -> 0 | I19: =I18*$D$19 -> 0 | J19: =J18*$D$19 -> 0 | K19: =K18*$D$19 -> 0 | L19: =L18*$D$19 -> 0 | ... N19: =N18*$D$19 -> 0 | O19: =SUM(E19:N19) -> 166520.91
A20: 6 | B20: ESQUADRIAS | C20: Físico % | D20: =D21/$D$63 -> 0.086179397 | E20: 0 | F20: 0 | G20: 0 | H20: 0 | I20: 0 | J20: 0 | K20: 0 | L20: 1 | M20: 0 | N20: 0 | O20: =SUM(E20:N20) -> 1
C21: Financeiro | D21: ='Planilha Licitação Válida'!H126 -> 537188.11 | E21: =E20*$D$21 -> 0 | F21: =F20*$D$21 -> 0 | G21: =G20*$D$21 -> 0 | H21: =H20*$D$21 -> 0 | I21: =I20*$D$21 -> 0 | J21: =J20*$D$21 -> 0 | K21: =K20*$D$21 -> 0 | L21: =L20*$D$21 -> 537188.11 | ... N21: =N20*$D$21 -> 0 | O21: =SUM(E21:N21) -> 537188.11
A22: 7 | B22: SISTEMAS DE COBERTURA | C22: Físico % | D22: =D23/$D$63 -> 0.057755149 | E22: 0 | F22: 0 | G22: 0 | H22: 1 | I22: 0 | J22: 0 | K22: 0 | L22: 0 | M22: 0 | N22: 0 | O22: =SUM(E22:N22) -> 1
C23: Financeiro | D23: ='Planilha Licitação Válida'!H182 -> 360009.24 | E23: =E22*$D$23 -> 0 | F23: =F22*$D$23 -> 0 | G23: =G22*$D$23 -> 0 | H23: =H22*$D$23 -> 360009.24 | I23: =I22*$D$23 -> 0 | J23: =J22*$D$23 -> 0 | K23: =K22*$D$23 -> 0 | L23: =L22*$D$23 -> 0 | ... N23: =N22*$D$23 -> 0 | O23: =SUM(E23:N23) -> 360009.24
A24: 8 | B24: IMPERMEABILIZAÇÃO | C24: Físico % | D24: =D25/$D$63 -> 0.012031236 | E24: 0.8 | F24: 0 | G24: 0.2 | H24: 0 | I24: 0 | J24: 0 | K24: 0 | L24: 0 | M24: 0 | N24: 0 | O24: =SUM(E24:N24) -> 1
C25: Financeiro | D25: ='Planilha Licitação Válida'!H189 -> 74995.15 | E25: =E24*$D$25 -> 59996.12 | F25: =F24*$D$25 -> 0 | G25: =G24*$D$25 -> 14999.03 | H25: =H24*$D$25 -> 0 | I25: =I24*$D$25 -> 0 | J25: =J24*$D$25 -> 0 | K25: =K24*$D$25 -> 0 | L25: =L24*$D$25 -> 0 | ... N25: =N24*$D$25 -> 0 | O25: =SUM(E25:N25) -> 74995.15
A26: 9 | B26: REVESTIMENTOS INTERNO E EXTERNO | C26: Físico % | D26: =D27/$D$63 -> 0.085148114 | E26: 0 | F26: 0 | G26: 0 | H26: 0 | I26: 0.5 | J26: 0.5 | K26: 0 | L26: 0 | M26: 0 | N26: 0 | O26: =SUM(E26:N26) -> 1
C27: Financeiro | D27: ='Planilha Licitação Válida'!H196 -> 530759.74 | E27: =E26*$D$27 -> 0 | F27: =F26*$D$27 -> 0 | G27: =G26*$D$27 -> 0 | H27: =H26*$D$27 -> 0 | I27: =I26*$D$27 -> 265379.87 | J27: =J26*$D$27 -> 265379.87 | K27: =K26*$D$27 -> 0 | L27: =L26*$D$27 -> 0 | ... N27: =N26*$D$27 -> 0 | O27: =SUM(E27:N27) -> 530759.74
A28: 10 | B28: SISTEMAS DE PISOS | C28: Físico % | D28: =D29/$D$63 -> 0.058462846 | F28: 0 | G28: 0 | H28: 0 | I28: 0.5 | J28: 0.5 | K28: 0 | L28: 0 | M28: 0 | N28: 0 | O28: =SUM(E28:N28) -> 1
C29: Financeiro | D29: ='Planilha Licitação Válida'!H212 -> 364420.58 | E29: =E28*$D$29 -> 0 | F29: =F28*$D$29 -> 0 | G29: =G28*$D$29 -> 0 | H29: =H28*$D$29 -> 0 | I29: =I28*$D$29 -> 182210.29 | J29: =J28*$D$29 -> 182210.29 | K29: =K28*$D$29 -> 0 | L29: =L28*$D$29 -> 0 | ... N29: =N28*$D$29 -> 0 | O29: =SUM(E29:N29) -> 364420.58
A30: 11 | B30: PINTURAS E ACABAMENTOS | C30: Físico % | D30: =D31/$D$63 -> 0.030998774 | E30: 0 | F30: 0 | G30: 0 | H30: 0 | I30: 0 | J30: 0 | K30: 0 | L30: 0 | M30: 0.5 | N30: 0.5 | O30: =SUM(E30:N30) -> 1
C31: Financeiro | D31: ='Planilha Licitação Válida'!H235 -> 193226.84 | E31: =E30*$D$31 -> 0 | F31: =F30*$D$31 -> 0 | G31: =G30*$D$31 -> 0 | H31: =H30*$D$31 -> 0 | I31: =I30*$D$31 -> 0 | J31: =J30*$D$31 -> 0 | K31: =K30*$D$31 -> 0 | L31: =L30*$D$31 -> 0 | ... N31: =N30*$D$31 -> 96613.42 | O31: =SUM(E31:N31) -> 193226.84
A32: 12 | B32: INSTALAÇÃO HIDRÁULICA | C32: Físico % | D32: =D33/$D$63 -> 0.023128526 | E32: 0 | F32: 0 | G32: 0 | H32: 0 | I32: 0 | J32: 0 | K32: 0.5 | L32: 0.5 | M32: 0 | N32: 0 | O32: =SUM(E32:N32) -> 1
C33: Financeiro | D33: ='Planilha Licitação Válida'!H263 -> 144168.67 | E33: =E32*$D$33 -> 0 | F33: =F32*$D$33 -> 0 | G33: =G32*$D$33 -> 0 | H33: =H32*$D$33 -> 0 | I33: =I32*$D$33 -> 0 | J33: =J32*$D$33 -> 0 | K33: =K32*$D$33 -> 72084.335 | L33: =L32*$D$33 -> 72084.335 | ... N33: =N32*$D$33 -> 0 | O33: =SUM(E33:N33) -> 144168.67
A34: 13 | B34: DRENAGEM DE ÁGUAS PLUVIAIS | C34: Físico % | D34: =D35/$D$63 -> 0.0070358532 | E34: 0 | F34: 0 | G34: 0 | H34: 0 | I34: 1 | J34: 0 | K34: 0 | L34: 0 | M34: 0 | N34: 0 | O34: =SUM(E34:N34) -> 1
C35: Financeiro | D35: ='Planilha Licitação Válida'!H317 -> 43857.08 | E35: =E34*$D$35 -> 0 | F35: =F34*$D$35 -> 0 | G35: =G34*$D$35 -> 0 | H35: =H34*$D$35 -> 0 | I35: =I34*$D$35 -> 43857.08 | J35: =J34*$D$35 -> 0 | K35: =K34*$D$35 -> 0 | L35: =L34*$D$35 -> 0 | ... N35: =N34*$D$35 -> 0 | O35: =SUM(E35:N35) -> 43857.08
A36: 14 | B36: INSTALAÇÃO SANITÁRIA | C36: Físico % | D36: =D37/$D$63 -> 0.010474269 | E36: 0 | F36: 0 | G36: 0 | H36: 0 | I36: 0 | J36: 0.5 | K36: 0.5 | L36: 0 | M36: 0 | N36: 0 | O36: =SUM(E36:N36) -> 1
C37: Financeiro | D37: ='Planilha Licitação Válida'!H337 -> 65290 | E37: =E36*$D$37 -> 0 | F37: =F36*$D$37 -> 0 | G37: =G36*$D$37 -> 0 | H37: =H36*$D$37 -> 0 | I37: =I36*$D$37 -> 0 | J37: =J36*$D$37 -> 32645 | K37: =K36*$D$37 -> 32645 | L37: =L36*$D$37 -> 0 | ... N37: =N36*$D$37 -> 0 | O37: =SUM(E37:N37) -> 65290
A38: 15 | B38: LOUÇAS, ACESSÓRIOS E METAIS | C38: Físico % | D38: =D39/$D$63 -> 0.017419002 | E38: 0 | F38: 0 | G38: 0 | H38: 0 | I38: 0 | J38: 0 | K38: 0 | L38: 0.5 | M38: 0.5 | N38: 0 | O38: =SUM(E38:N38) -> 1
C39: Financeiro | D39: ='Planilha Licitação Válida'!H380 -> 108579.09 | E39: =E38*$D$39 -> 0 | F39: =F38*$D$39 -> 0 | G39: =G38*$D$39 -> 0 | H39: =H38*$D$39 -> 0 | I39: =I38*$D$39 -> 0 | J39: =J38*$D$39 -> 0 | K39: =K38*$D$39 -> 0 | L39: =L38*$D$39 -> 54289.545 | ... N39: =N38*$D$39 -> 0 | O39: =SUM(E39:N39) -> 108579.09
A40: 16 | B40: INSTALAÇÃO DE GÁS COMBUSTÍVEL | C40: Físico % | D40: =D41/$D$63 -> 0.0008456356 | E40: 0 | F40: 0 | G40: 0 | H40: 0 | I40: 0 | J40: 0 | K40: 0 | L40: 0 | M40: 0 | N40: 1 | O40: =SUM(E40:N40) -> 1
C41: Financeiro | D41: ='Planilha Licitação Válida'!H417 -> 5271.16 | E41: =E40*$D$41 -> 0 | F41: =F40*$D$41 -> 0 | G41: =G40*$D$41 -> 0 | H41: =H40*$D$41 -> 0 | I41: =I40*$D$41 -> 0 | J41: =J40*$D$41 -> 0 | K41: =K40*$D$41 -> 0 | L41: =L40*$D$41 -> 0 | ... N41: =N40*$D$41 -> 5271.16 | O41: =SUM(E41:N41) -> 5271.16
A42: 17 | B42: SISTEMA DE PROTEÇÃO CONTRA INCÊNDIO | C42: Físico % | D42: =D43/$D$63 -> 0.011469092 | E42: 0 | F42: 0 | G42: 0 | H42: 0 | I42: 0 | J42: 0 | K42: 0 | L42: 0.5 | M42: 0.5 | N42: 0 | O42: =SUM(E42:N42) -> 1
C43: Financeiro | D43: ='Planilha Licitação Válida'!H430 -> 71491.1 | E43: =E42*$D$43 -> 0 | F43: =F42*$D$43 -> 0 | G43: =G42*$D$43 -> 0 | H43: =H42*$D$43 -> 0 | I43: =I42*$D$43 -> 0 | J43: =J42*$D$43 -> 0 | K43: =K42*$D$43 -> 0 | L43: =L42*$D$43 -> 35745.55 | ... N43: =N42*$D$43 -> 0 | O43: =SUM(E43:N43) -> 71491.1
A44: 18 | B44: INSTALAÇÃO ELÉTRICA - 110V | C44: Físico % | D44: =D45/$D$63 -> 0.068762229 | E44: 0 | F44: 0 | G44: 0 | H44: 0 | I44: 0 | J44: 0.25 | K44: 0.25 | L44: 0.25 | M44: 0.25 | N44: 0 | O44: =SUM(E44:N44) -> 1
C45: Financeiro | D45: ='Planilha Licitação Válida'!H492 -> 428620.45 | E45: =E44*$D$45 -> 0 | F45: =F44*$D$45 -> 0 | G45: =G44*$D$45 -> 0 | H45: =H44*$D$45 -> 0 | I45: =I44*$D$45 -> 0 | J45: =J44*$D$45 -> 107155.11 | K45: =K44*$D$45 -> 107155.11 | L45: =L44*$D$45 -> 107155.11 | ... N45: =N44*$D$45 -> 0 | O45: =SUM(E45:N45) -> 428620.45
A46: 19 | B46: INSTALAÇÕES DE CLIMATIZAÇÃO | C46: Físico % | D46: =D47/$D$63 -> 0.0043496532 | E46: 0 | F46: 0 | G46: 0 | H46: 0 | I46: 0 | J46: 0 | K46: 0 | L46: 0 | M46: 0 | N46: 1 | O46: =SUM(E46:N46) -> 1
C47: Financeiro | D47: ='Planilha Licitação Válida'!H624 -> 27113 | E47: =E46*$D$47 -> 0 | F47: =F46*$D$47 -> 0 | G47: =G46*$D$47 -> 0 | H47: =H46*$D$47 -> 0 | I47: =I46*$D$47 -> 0 | J47: =J46*$D$47 -> 0 | K47: =K46*$D$47 -> 0 | L47: =L46*$D$47 -> 0 | ... N47: =N46*$D$47 -> 27113 | O47: =SUM(E47:N47) -> 27113
A48: 20 | B48: INSTALAÇÕES DE CABEAMENTO ESTRUTURADO | C48: Físico % | D48: =D49/$D$63 -> 0.011131077 | E48: 0 | F48: 0 | G48: 0 | H48: 0 | I48: 0 | J48: 0 | K48: 0.5 | L48: 0.5 | M48: 0 | N48: 0 | O48: =SUM(E48:N48) -> 1
C49: Financeiro | D49: ='Planilha Licitação Válida'!H636 -> 69384.13 | E49: =E48*$D$49 -> 0 | F49: =F48*$D$49 -> 0 | G49: =G48*$D$49 -> 0 | H49: =H48*$D$49 -> 0 | I49: =I48*$D$49 -> 0 | J49: =J48*$D$49 -> 0 | K49: =K48*$D$49 -> 34692.065 | L49: =L48*$D$49 -> 34692.065 | ... N49: =N48*$D$49 -> 0 | O49: =SUM(E49:N49) -> 69384.13
A50: 21 | B50: SISTEMA DE EXAUSTÃO MECÂNICA | C50: Físico % | D50: =D51/$D$63 -> 0.0022959409 | E50: 0 | F50: 0 | G50: 0 | H50: 0 | I50: 0 | J50: 0 | K50: 0 | L50: 0 | M50: 0 | N50: 1 | O50: =SUM(E50:N50) -> 1
C51: Financeiro | D51: ='Planilha Licitação Válida'!H675 -> 14311.45 | E51: =E50*$D$51 -> 0 | F51: =F50*$D$51 -> 0 | G51: =G50*$D$51 -> 0 | H51: =H50*$D$51 -> 0 | I51: =I50*$D$51 -> 0 | J51: =J50*$D$51 -> 0 | K51: =K50*$D$51 -> 0 | L51: =L50*$D$51 -> 0 | ... N51: =N50*$D$51 -> 14311.45 | O51: =SUM(E51:N51) -> 14311.45
A52: 22 | B52: SISTEMA DE PROTEÇÃO CONTRA DESCARGAS ATMOSFÉRICAS (SPDA) | C52: Físico % | D52: =D53/$D$63 -> 0.0056797394 | E52: 0 | F52: 0 | G52: 0 | H52: 0 | I52: 0 | J52: 0 | K52: 0 | L52: 0 | M52: 0 | N52: 1 | O52: =SUM(E52:N52) -> 1
C53: Financeiro | D53: ='Planilha Licitação Válida'!H679 -> 35403.92 | E53: =E52*$D$53 -> 0 | F53: =F52*$D$53 -> 0 | G53: =G52*$D$53 -> 0 | H53: =H52*$D$53 -> 0 | I53: =I52*$D$53 -> 0 | J53: =J52*$D$53 -> 0 | K53: =K52*$D$53 -> 0 | L53: =L52*$D$53 -> 0 | ... N53: =N52*$D$53 -> 35403.92 | O53: =SUM(E53:N53) -> 35403.92
A54: 23 | B54: SERVIÇOS COMPLEMENTARES | C54: Físico % | D54: =D55/$D$63 -> 0.028525843 | E54: 0 | F54: 0 | G54: 0 | H54: 0 | I54: 0 | J54: 0 | K54: 0 | L54: 0 | M54: 0.5 | N54: 0.5 | O54: =SUM(E54:N54) -> 1
C55: Financeiro | D55: ='Planilha Licitação Válida'!H687 -> 177812.15 | E55: =E54*$D$55 -> 0 | F55: =F54*$D$55 -> 0 | G55: =G54*$D$55 -> 0 | H55: =H54*$D$55 -> 0 | I55: =I54*$D$55 -> 0 | J55: =J54*$D$55 -> 0 | K55: =K54*$D$55 -> 0 | L55: =L54*$D$55 -> 0 | ... N55: =N54*$D$55 -> 88906.075 | O55: =SUM(E55:N55) -> 177812.15
A56: 24 | B56: SERVIÇOS FINAIS | C56: Físico % | D56: =D57/$D$63 -> 0.00096709798 | E56: 0 | F56: 0 | G56: 0 | H56: 0 | I56: 0 | J56: 0 | K56: 0 | L56: 0 | M56: 0 | N56: 1 | O56: =SUM(E56:N56) -> 1
C57: Financeiro | D57: ='Planilha Licitação Válida'!H701 -> 6028.28 | E57: =E56*$D$57 -> 0 | F57: =F56*$D$57 -> 0 | G57: =G56*$D$57 -> 0 | H57: =H56*$D$57 -> 0 | I57: =I56*$D$57 -> 0 | J57: =J56*$D$57 -> 0 | K57: =K56*$D$57 -> 0 | L57: =L56*$D$57 -> 0 | ... N57: =N56*$D$57 -> 6028.28 | O57: =SUM(E57:N57) -> 6028.28
A58: 25 | B58: MURO DE ARRIMO E FECHAMENTO | C58: Físico % | D58: =D59/$D$63 -> 0.11308254 | E58: 0 | F58: 0 | G58: 0.5 | H58: 0.5 | I58: 0 | J58: 0 | K58: 0 | L58: 0 | M58: 0 | N58: 0 | O58: =SUM(E58:N58) -> 1
C59: Financeiro | D59: ='Planilha Licitação Válida'!H708 -> 704885.34 | E59: =E58*$D$59 -> 0 | F59: =F58*$D$59 -> 0 | G59: =G58*$D$59 -> 352442.67 | H59: =H58*$D$59 -> 352442.67 | I59: =I58*$D$59 -> 0 | J59: =J58*$D$59 -> 0 | K59: =K58*$D$59 -> 0 | L59: =L58*$D$59 -> 0 | ... N59: =N58*$D$59 -> 0 | O59: =SUM(E59:N59) -> 704885.34
A60: 26 | B60: ='Planilha Licitação Válida'!B757:G757 -> SISTEMA DE PROTEÇÃO CONTRA INCÊNDIO COMPLEMENTAR (Serviço não Financiavel) | C60: Físico % | D60: =D61/$D$63 -> 0.014510464 | E60: 0 | F60: 0 | G60: 0 | H60: 0 | I60: 0 | J60: 0 | K60: 0 | L60: 0 | M60: 0 | N60: 1 | O60: =SUM(E60:N60) -> 1
C61: Financeiro | D61: ='Planilha Licitação Válida'!H757 -> 90449.1 | E61: =E60*$D$61 -> 0 | F61: =F60*$D$61 -> 0 | G61: =G60*$D$61 -> 0 | H61: =H60*$D$61 -> 0 | I61: =I60*$D$61 -> 0 | J61: =J60*$D$61 -> 0 | K61: =K60*$D$61 -> 0 | L61: =L60*$D$61 -> 0 | ... N61: =N60*$D$61 -> 90449.1 | O61: =SUM(E61:N61) -> 90449.1
A62: TOTAL | C62: Físico % | D62: =SUM(D10,D18,D20,D22,D24,D32,D34,D30,D26,D14,D16,D28,D44,D46,D42,D40,D38,D36,D12,D48,D50,D52,D54,D56,D58,D60) -> 1 | E62: =E63/$D$63 -> 0.10388144 | F62: =F63/$D$63 -> 0.15851932 | G62: =G63/$D$63 -> 0.094442851 | H62: =H63/$D$63 -> 0.12307733 | I62: =I63/$D$63 -> 0.087622244 | J62: =J63/$D$63 -> 0.10301408 | K62: =K63/$D$63 -> 0.048338404 | L62: =L63/$D$63 -> 0.14372471 | ... O62: =O63/$D$63 -> 1
C63: Financeiro | D63: =D11+D19+D21+D23+D25+D33+D35+D31+D27+D29+D17+D15+D45+D47+D37+D39+D41+D43+D13+D49+D51+D53+D55+D57+D59+D61 -> 6233370.5 | E63: =SUM(E11,E19,E21,E23,E25,E33,E35,E31,E27,E15,E17,E29,E45,E47,E43,E41,E39,E37,E49,E51,E53,E55,E57,E59,E13) -> 647531.49 | F63: =SUM(F11,F19,F21,F23,F25,F33,F35,F31,F27,F15,F17,F29,F45,F47,F43,F41,F39,F37,F49,F51,F53,F55,F57,F59,F13) -> 988109.66 | G63: =SUM(G11,G19,G21,G23,G25,G33,G35,G31,G27,G15,G17,G29,G45,G47,G43,G41,G39,G37,G49,G51,G53,G55,G57,G59,G13) -> 588697.28 | H63: =SUM(H11,H19,H21,H23,H25,H33,H35,H31,H27,H15,H17,H29,H45,H47,H43,H41,H39,H37,H49,H51,H53,H55,H57,H59,H13) -> 767186.58 | I63: =SUM(I11,I19,I21,I23,I25,I33,I35,I31,I27,I15,I17,I29,I45,I47,I43,I41,I39,I37,I49,I51,I53,I55,I57,I59,I13) -> 546181.91 | J63: =SUM(J11,J19,J21,J23,J25,J33,J35,J31,J27,J15,J17,J29,J45,J47,J43,J41,J39,J37,J49,J51,J53,J55,J57,J59,J13) -> 642124.94 | K63: =SUM(K11,K19,K21,K23,K25,K33,K35,K31,K27,K15,K17,K29,K45,K47,K43,K41,K39,K37,K49,K51,K53,K55,K57,K59,K13) -> 301311.18 | L63: =SUM(L11,L19,L21,L23,L25,L33,L35,L31,L27,L15,L17,L29,L45,L47,L43,L41,L39,L37,L49,L51,L53,L55,L57,L59,L13) -> 895889.39 | ... N63: =SUM(N11,N19,N21,N23,N25,N33,N35,N31,N27,N15,N17,N29,N45,N47,N43,N41,N39,N37,N49,N51,N53,N55,N57,N59,N13) -> 328444.6 | O63: =SUM(O11,O19,O21,O23,O25,O33,O35,O31,O27,O15,O17,O29,O45,O47,O43,O41,O39,O37,O13,O49,O51,O53,O55,O57,O59,O61) -> 6233370.5
D66: 104.255/D | G66: Observações: Os serviços de terraplenagem serão realizados pelo município antes do início das Obras
B67: Otávio Della Testa - Engenheiro Civil CREA 104.255/D | D67: CREA - MG | H67: Os serviços 25 e 26 são não financiáveis e serão executados as expensas do município
B70: Pedro Afonso Fernandes Filho - Prefeito Municipal
